 Dungeon Sprint DCSS version 0.17-a0-1582-ge6b0260 (webtiles) character file.

10413 nuthulu the Warrior (level 13, 0/95 HPs)
             Began as a Gargoyle Fighter on July 27, 2015.
             Was the Champion of Trog.
             Killed by an exploding giant spore (28 damage)
             ... in the Dungeon (Sprint VI: "Thunderdome").
             The game lasted 00:17:23 (2212 turns).

nuthulu the Warrior (Gargoyle Fighter)              Turns: 2212, Time: 00:17:23

Health: 0/95       AC: 46    Str: 28    XL:     13   Next: 42%
Magic:  8/13       EV: 10    Int: 12    God:    Trog [******]
Gold:   369        SH: 15    Dex: 15    Spells: 0 memorised, 12 levels left

rFire  + + .     SeeInvis +     B - +9 morningstar (crush)
rCold  + + +     Clarity  .     A - +12 gold dragon armour
rNeg   + . .     SustAt   .     c - +0 shield
rPois  ∞         Gourm    .     z - +1 helmet of the Orb Guardian {rF+ Str+3}
rElec  +         Spirit   .     x - +0 cloak
rCorr  .         Warding  .     (no gloves)
rMut   .         NoTele   +     (no boots)
MR     +....                    v - amulet of Ittosedat {+Rage rC+ Int+4}
Stlth  ..........               s - ring "Diem" {Str+3 Dex+4 SInv}
                                q - ring "Suicew" {rElec rPois rC+ MR+}

@: somewhat resistant to hostile enchantments, extremely unstealthy
A: clumsy 1, negative energy resistance 1, electricity resistance, unbreathing,
petrification resistance, rot immunity, AC +9
a: Burn Spellbooks, Berserk, Trog's Hand, Brothers in Arms, Renounce Religion,
Evoke Berserk Rage
}: 2/15 runes: serpentine, barnacled


You were in the Dungeon.
You worshipped Trog.
Trog was exalted by your worship.
You were not hungry.

You visited 1 branch You collected 4650 gold pieces.
You spent 4281 gold pieces at shops.

Inventory:

Hand weapons
 a - a +0 flail
 p - a +1 flail of protection
 u - a +5 antimagic morningstar
 w - a +6 antimagic morningstar
 B - a +9 morningstar of crushing (weapon)
 C - a +4 antimagic morningstar
Armour
 b - a +0 scale mail
 c - a +0 shield (worn)
 x - a +0 cloak (worn)
 z - the +1 helmet of the Orb Guardian (worn) {rF+ Str+3}
   (You bought it in a shop in the Dungeon)

   It affects your strength (+3).
   It protects you from fire.
 A - a +12 gold dragon armour (worn)
 F - a +3 chain mail
Jewellery
 q - the ring "Suicew" (left hand) {rElec rPois rC+ MR+}
   (You bought it in a shop in the Dungeon)

   [ring of protection from magic]

   It protects you from cold.
   It insulates you from electricity.
   It protects you from poison.
   It affects your resistance to hostile enchantments.
 s - the ring "Diem" (right hand) {Str+3 Dex+4 SInv}
   (You bought it in a shop in the Dungeon)

   [ring of see invisible]

   It affects your strength (+3).
   It affects your dexterity (+4).
   It lets you see invisible.
 t - the amulet of Fiatril {Inacc Dex+4}
   (You bought it in a shop in the Dungeon)

   [amulet of inaccuracy]

   It reduces the accuracy of all your attacks.
   It affects your dexterity (+4).
 v - the amulet of Ittosedat (around neck) {+Rage rC+ Int+4}
   (You bought it in a shop in the Dungeon)

   [amulet of rage]

   It affects your intelligence (+4).
   It protects you from cold.
   It lets you go berserk.
 y - a +3 ring of protection {unknown}
Magical devices
 l - a wand of cold (5)
 m - a wand of fire (5)
 r - a wand of slowing (16)
 E - a wand of polymorph (20)
Scrolls
 k - 4 scrolls of blinking
 n - 3 scrolls of fog
 D - 3 scrolls of enchant weapon
Potions
 d - 3 potions of might
 f - a potion of curing
 g - 5 potions of heal wounds
 h - 3 potions of haste
 i - 3 potions of magic
 j - a potion of berserk rage
 o - 2 potions of resistance
Comestibles
 e - a bread ration
 G - 6 royal jellies


   Skills:
 + Level 16.6 Fighting
 + Level 16.4 Maces & Flails
 + Level 16.6 Armour
 + Level 7.1 Dodging
 - Level 15.1 Shields


You had 12 spell levels left.
You didn't know any spells.

Dungeon Overview and Level Annotations

Branches:
Dungeon (1/1)

Altars:
Cheibriados
Dithmenos
Fedhas
Gozag
Kikubaaqudgha
Makhleb
Okawaru
Qazlal
Ru
Sif Muna
Trog
Vehumet
Xom
Yredelemnul
Zin
The Shining One
Jiyva
Lugonu

Shops:
D *[%??*?*:[((!!!!


Innate Abilities, Weirdness & Mutations

You are resistant to torment.
Your stone body is resilient (AC +9).
You are immune to poison.
You resist negative energy.
You are resistant to electric shocks.
You can survive without breathing.
You are immune to petrification.
You are immune to rotting.
You are clumsy. (Dex -2)


Message History

The explosion of spores engulfs the ballistomycete. x2
A fungus suddenly grows.
The explosion of spores engulfs the ballistomycete. x10
A fungus suddenly grows.
The explosion of spores engulfs the ballistomycete. x6
The explosion of spores engulfs the active ballistomycete.
The explosion of spores engulfs the ballistomycete. x4
The explosion of spores engulfs you!
The explosion of spores engulfs the ballistomycete. x9
The explosion of spores engulfs the active ballistomycete.
The explosion of spores engulfs the ballistomycete. x7
The explosion of spores engulfs you!
* * * LOW HITPOINT WARNING * * *
The explosion of spores engulfs the ballistomycete. x5
The explosion of spores engulfs you!
The explosion of spores engulfs the ballistomycete. x5
A fungus suddenly grows.
The explosion of spores engulfs the ballistomycete.
A fungus suddenly grows.
The explosion of spores engulfs you!
You die...

##∩.....∩## #∩.......∩#
#_......._# #_...[..._#
#..P...(._#
###PP.....†.###
#PP.(P....)..⌠#
######P8(PP.....(8.###
##P__P@(PP..###.(...._.


###PPPPPP(PP8P# #.8..(... ##PPPPPP(P((P..###.†...... #⌠PPPPPP).((###(..###.....
#⌠PPPPPP†P(.# #.<.# #..%.. #⌠PPPPPP(.)(###...###..... ##PPPPP**P)P..)###.......%
###PP*PP*.)P8.# #.8...).. ##∩._..[....###..)...__ You could see 7 active
ballistomycetes.

Vanquished Creatures
  An entropy weaver (D)
  An ogre mage (D)
  2 sea snakes (D)
  A wolf spider (D)
  3 orb spiders (D)
  An orb spider (shapeshifter) (D)
  4 hornets (D)
  A guardian serpent (shapeshifter) (D)
  A komodo dragon (shapeshifter) (D)
  8 deep elf priests (D)
  3 two-headed ogres (D)
  Sigmund (D)
  11 neqoxecs (D)
  3 vampire mosquitoes (D)
  5 wolves (D)
  4 wasps (D)
  4 ogres (D)
  7 centaurs (D)
  7 brain worms (D)
  A brain worm (shapeshifter) (D)
  A hound (D)
  Terence (D)
  A worker ant (D)
  An adder (D)
  A worm (D)
  A quokka (D)
  A bat (D)
  A giant newt (D)
  A kobold (D)
  A rat (D)
  3 ballistomycetes (D)
  A giant spore (D)
83 creatures vanquished.

Vanquished Creatures (collateral kills)
  Ilsuiw (D)
  An anaconda (D)
  A swamp dragon (shapeshifter) (D)
  A harpy (shapeshifter) (D)
  A yaktaur (shapeshifter) (D)
  A snapping turtle (D)
  A spriggan (shapeshifter) (D)
7 creatures vanquished.

Vanquished Creatures (others)
  A ghost moth (D)
  An orb spider (D)
  A redback (D)
  A redback (shapeshifter) (D)
  74 giant spores (D)
78 creatures vanquished.

Grand Total: 168 creatures vanquished

Notes
Turn   | Place    | Note
--------------------------------------------------------------
     0 | D        | nuthulu the Gargoyle Fighter began the quest for the Orb.
     0 | D        | Reached XP level 1. HP: 14/14 MP: 1/1
     1 | D        | Found a bloodstained altar of Trog.
     1 | D        | Found a glowing silver altar of Zin.
     2 | D        | Found a glowing golden altar of the Shining One.
     2 | D        | Found a stormy altar of Qazlal.
     3 | D        | Found an ancient bone altar of Kikubaaqudgha.
     3 | D        | Found a shimmering altar of Xom.
     4 | D        | Found Ubi Pen's Do-It-Yourself Clinic.
     4 | D        | Found a burning altar of Makhleb.
     4 | D        | Found Foklel's Distillery.
     5 | D        | Found Yvuofol's Bottled Wisdom.
     5 | D        | Found Buyl's Distillery.
     5 | D        | Round 1.
     9 | D        | Became a worshipper of Trog the Wrathful
    14 | D        | Found a blossoming altar of Fedhas.
    18 | D        | Bought 6 potions of might for 168 gold pieces
    21 | D        | Found an iron altar of Okawaru.
    22 | D        | Found a sacrificial altar of Ru.
    23 | D        | Found Routis's Staff Store.
    24 | D        | Found Yrusyeh's Must-Have Magic.
    24 | D        | Found Nynigued's Magic Scroll Shop.
    25 | D        | Noticed Terence
    25 | D        | Found a snail-covered altar of Cheibriados.
    25 | D        | Found a shadowy altar of Dithmenos.
    25 | D        | Found Rasmasm's Magic Scroll Shop.
    32 | D        | Killed Terence
    32 | D        | Reached skill level 4 in Fighting
    32 | D        | Reached XP level 2. HP: 11/20 MP: 2/2
    32 | D        | Reached XP level 3. HP: 13/24 MP: 3/3
    39 | D        | Found a basalt altar of Yredelemnul.
    42 | D        | Found a corrupted altar of Lugonu.
    43 | D        | Found an opulent altar of Gozag.
    43 | D        | Found Vyromp's Bee Food.
    44 | D        | Found Noimp's Jewellery.
    44 | D        | Found Dicemydo's Advanced Armour.
    45 | D        | Found a deep blue altar of Sif Muna.
    45 | D        | Found Woptuel's Identification Station.
    50 | D        | Found a viscous altar of Jiyva.
    52 | D        | Found a radiant altar of Vehumet.
    52 | D        | Found Vadusagro's Premium Goods.
    52 | D        | Found Cipsyv's Weapon Rack.
    53 | D        | Found Ruac's Miscellaneous Merchandise.
    53 | D        | Found Joten's Basic Armour.
    71 | D        | Acquired Trog's first power
   143 | D        | Acquired Trog's second power
   143 | D        | Arena points: 12 (+12) [x2]
   143 | D        | Reached skill level 5 in Fighting
   143 | D        | Reached skill level 5 in Armour
   143 | D        | Reached skill level 5 in Shields
   143 | D        | Reached XP level 4. HP: 21/31 MP: 4/4
   160 | D        | Bought a bound silver ring for 45 gold pieces
   160 | D        | Identified the ring "Suicew" {rElec rPois rC+ MR+} (You bought it in a shop in the Dungeon)
   174 | D        | Round 2.
   276 | D        | Noticed Sigmund
   292 | D        | Killed Sigmund
   292 | D        | Reached skill level 7 in Fighting
   292 | D        | Reached XP level 5. HP: 38/38 MP: 5/5
   325 | D        | Arena points: 48 (+36) [x3]
   342 | D        | Bought a bound iron amulet for 45 gold pieces
   342 | D        | Identified the amulet of Fiatril {Inacc Dex+4} (You bought it in a shop in the Dungeon)
   351 | D        | Round 3.
   365 | D        | Noticed a wolf
   379 | D        | Killed a wolf
   379 | D        | Reached skill level 8 in Fighting
   379 | D        | Reached XP level 6. HP: 29/44 MP: 6/6
   406 | D        | Noticed a wolf
   419 | D        | Killed a wolf
   419 | D        | Acquired Trog's third power
   419 | D        | Reached XP level 7. HP: 17/50 MP: 7/7
   438 | D        | Reached skill level 9 in Fighting
   478 | D        | Received a gift from Trog
   489 | D        | Arena points: 132 (+84) [x4]
   489 | D        | Reached XP level 8. HP: 33/57 MP: 8/8
   505 | D        | Bought 3 potions of heal wounds for 105 gold pieces
   524 | D        | Round 4.
   538 | D        | Reached skill level 10 in Fighting
   538 | D        | Reached skill level 10 in Armour
   538 | D        | Reached skill level 10 in Shields
   571 | D        | Received a gift from Trog
   591 | D        | Lost intelligence.
   604 | D        | Arena points: 292 (+160) [x5]
   613 | D        | Bought a sparkling turquoise ring for 45 gold pieces
   613 | D        | Bought a clouded jade amulet for 45 gold pieces
   613 | D        | Identified the ring "Diem" {Str+3 Dex+4 SInv} (You bought it in a shop in the Dungeon)
   614 | D        | Identified the amulet of Ittosedat {+Rage rC+ Int+4} (You bought it in a shop in the Dungeon)
   633 | D        | Round 5.
   633 | D        | Noticed a giant anaconda
   634 | D        | Bought 3 royal jellies for 24 gold pieces
   644 | D        | Killed a giant anaconda
   644 | D        | Arena points: 572 (+280) [x7]
   644 | D        | Reached skill level 11 in Fighting
   644 | D        | Reached skill level 10 in Maces & Flails
   644 | D        | Reached XP level 9. HP: 36/64 MP: 3/9
   647 | D        | Got a serpentine rune of Zot
   648 | D        | Reached skill level 12 in Maces & Flails
   648 | D        | Reached XP level 10. HP: 39/70 MP: 3/10
   665 | D        | Bought a +0 cloak for 54 gold pieces
   727 | D        | Bought 3 potions of heal wounds for 105 gold pieces
   842 | D        | Round 6.
   964 | D        | Received a gift from Trog
   964 | D        | Arena points: 956 (+384) [x8]
   975 | D        | Bought an ancient helmet for 332 gold pieces
   980 | D        | Identified the +1 helmet of the Orb Guardian {rF+ Str+3} (You bought it in a shop in the Dungeon)
  1003 | D        | Bought 3 potions of heal wounds for 105 gold pieces
  1017 | D        | Round 7.
  1057 | D        | Received a gift from Trog
  1159 | D        | Noticed an ogre mage
  1171 | D        | Killed an ogre mage
  1171 | D        | Reached skill level 13 in Maces & Flails
  1178 | D        | Arena points: 1523 (+567) [x9]
  1203 | D        | Round 8.
  1240 | D        | Received a gift from Trog
  1258 | D        | Reached XP level 11. HP: 43/78 MP: 3/11
  1310 | D        | HP: 1/78 [deep elf priest/divine providence (14)]
  1317 | D        | Received a gift from Trog
  1317 | D        | Arena points: 2243 (+720) [x10]
  1317 | D        | Reached skill level 14 in Maces & Flails
  1386 | D        | Round 9.
  1392 | D        | Bought 3 potions of heal wounds for 105 gold pieces
  1395 | D        | Noticed a deep troll
  1398 | D        | Noticed an orb spider
  1398 | D        | a deep troll changed into a redback
  1412 | D        | Killed an orb spider
  1414 | D        | Noticed an orb spider
  1414 | D        | a spiny frog changed into an orb spider
  1415 | D        | an orb spider changed into a guardian serpent
  1420 | D        | Noticed a harpy
  1420 | D        | an octopode changed into a harpy
  1425 | D        | Killed a harpy
  1427 | D        | Received a gift from Trog
  1429 | D        | Noticed a swamp dragon
  1429 | D        | a guardian serpent changed into a swamp dragon
  1430 | D        | Killed a swamp dragon
  1433 | D        | Arena points: 3233 (+990) [x11]
  1454 | D        | Bought a +0 gold dragon armour for 960 gold pieces
  1460 | D        | Round 10.
  1483 | D        | Noticed Ilsuiw
  1484 | D        | Noticed a sea snake
  1496 | D        | Noticed a sea snake
  1503 | D        | Killed a sea snake
  1509 | D        | Killed a sea snake
  1509 | D        | Received a gift from Trog
  1528 | D        | Noticed a merfolk avatar
  1534 | D        | Killed Ilsuiw
  1534 | D        | Arena points: 4533 (+1300) [x13]
  1534 | D        | Reached skill level 15 in Fighting
  1534 | D        | Reached skill level 15 in Maces & Flails
  1534 | D        | Reached skill level 15 in Armour
  1534 | D        | Reached skill level 15 in Shields
  1537 | D        | Got a barnacled rune of Zot
  1538 | D        | Reached XP level 12. HP: 33/87 MP: 12/12
  1550 | D        | Bought 8 scrolls of enchant weapon for 600 gold pieces
  1570 | D        | Bought 3 potions of heal wounds for 105 gold pieces
  1736 | D        | Round 11.
  1798 | D        | Gained mutation: You are robust (+10% HP). [a neqoxec]
  1799 | D        | Gained mutation: Armour fits poorly on your strangely shaped body. [a neqoxec]
  1802 | D        | Gained mutation: Your body sometimes deteriorates upon taking damage. [a neqoxec]
  1826 | D        | Gained mutation: Your flesh is cold resistant. [a neqoxec]
  1829 | D        | Reached XP level 13. HP: 91/101 MP: 13/13
  1832 | D        | Received a gift from Trog
  1840 | D        | Gained mutation: You tend to lose your temper in combat. [a neqoxec]
  1841 | D        | Lost mutation: You are robust (+10% HP). [a neqoxec]
  1850 | D        | Gained mutation: You occasionally shout uncontrollably at your foes. [a neqoxec]
  1851 | D        | Gained mutation: You are clumsy. (Dex -2) [a neqoxec]
  1867 | D        | Gained mutation: Your magical capacity is low (-10% MP). [a neqoxec]
  1868 | D        | Gained mutation: You often lose your temper in combat. [a neqoxec]
  1870 | D        | Gained mutation: Potions and wands are less effective at restoring your health. [a neqoxec]
  1890 | D        | Arena points: 6381 (+1848) [x14]
  1909 | D        | Bought 2 potions of cure mutation for 490 gold pieces
  1909 | D        | Lost mutation: Your magical capacity is low (-10% MP). [potion of cure mutation]
  1909 | D        | Lost mutation: You often lose your temper in combat. [potion of cure mutation]
  1909 | D        | Lost mutation: You tend to lose your temper in combat. [potion of cure mutation]
  1909 | D        | Lost mutation: Your flesh is cold resistant. [potion of cure mutation]
  1909 | D        | Lost mutation: Your body sometimes deteriorates upon taking damage. [potion of cure mutation]
  1910 | D        | Lost mutation: You occasionally shout uncontrollably at your foes. [potion of cure mutation]
  1910 | D        | Lost mutation: Armour fits poorly on your strangely shaped body. [potion of cure mutation]
  1910 | D        | Lost mutation: Potions and wands are less effective at restoring your health. [potion of cure mutation]
  1927 | D        | Round 12.
  1947 | D        | Received a gift from Trog
  1954 | D        | Bought 3 royal jellies for 24 gold pieces
  1954 | D        | Bought 3 royal jellies for 24 gold pieces
  1958 | D        | Reached skill level 5 in Dodging
  2061 | D        | Arena points: 8541 (+2160) [x15]
  2080 | D        | Bought 4 scrolls of enchant armour for 300 gold pieces
  2080 | D        | Bought 4 scrolls of enchant armour for 300 gold pieces
  2116 | D        | Round 13.
  2124 | D        | Received a gift from Trog
  2124 | D        | Reached skill level 16 in Fighting
  2128 | D        | Noticed a ghost moth
  2147 | D        | Killed a ghost moth
  2169 | D        | Received a gift from Trog
  2187 | D        | Arena points: 10413 (+1872) [x16]
  2195 | D        | Bought 4 scrolls of enchant armour for 300 gold pieces
  2202 | D        | Round 14.
  2212 | D        | Killed by an exploding giant spore

Vault maps used:
D:        arena_sprint

Action                   |  1- 3 |  4- 6 |  7- 9 | 10-12 | 13-15 || total
-------------------------+-------+-------+-------+-------+-------++-------
Melee: Flail             |    11 |    46 |    52 |       |       ||   109
       Morningstar       |       |       |    12 |   161 |    92 ||   265
Invok: Berserk           |       |     1 |       |       |       ||     1
       Brothers in Arms  |       |       |     1 |     2 |       ||     3
  Use: Potion            |     1 |     1 |     4 |    14 |     3 ||    23
       Scroll            |       |       |       |     5 |    12 ||    17
  Eat: Royal jelly       |       |       |     1 |     1 |     1 ||     3
       Chunk             |       |       |       |     1 |       ||     1
